 Dungeon Crawl Stone Soup version 0.31-a0-1424-g2add1c7226 (webtiles) character file.

Game seed: 9696598180268625660

174 inmateoo the Poker (level 5, -3/41 HPs)
             Began as a Demonspawn Gladiator on Dec 26, 2023.
             Slain by an ice beast (7 damage)
             ... on level 3 of the Dungeon.
             The game lasted 00:03:03 (2192 turns).

inmateoo the Poker (Demonspawn Gladiator)           Turns: 2192, Time: 00:03:04

Health: -3/41      AC:  3    Str: 17    XL:     5   Next: 28%
Magic:  5/5        EV: 13    Int:  8    God:
Gold:   173        SH:  0    Dex: 14    Spells: 4/4 levels left

rFire   . . .        a - +1 trident
rCold   . . .        (no shield)
rNeg    . . .        b - +0 leather armour
rPois   .            (helmet restricted)
rElec   .            (no cloak)
rCorr   .            (no gloves)
SInv    .            (no boots)
Will    .....        (no amulet)
Stlth   ++           (no ring)
HPRegen 0.26/turn    (no ring)
MPRegen 0.09/turn

%: no passive effects
@: no status effects
A: antennae 1, ignite blood 1, sturdy frame 1
a: no special abilities


You were on level 3 of the Dungeon.
You visited 1 branch of the dungeon, and saw 3 of its levels.

You collected 173 gold pieces.

Inventory:

Hand Weapons
 a - a +1 trident (weapon)
Missiles
 d - a throwing net (quivered)
 e - a javelin
Armour
 b - a +0 leather armour (worn)
Wands
 j - a wand of flame (15)
Scrolls
 k - 4 scrolls of teleportation
 l - a scroll of blinking
Potions
 c - a potion of berserk rage {unknown}
 f - a potion of lignification
 g - 3 potions of attraction
 h - a potion of haste
 i - a potion of enlightenment


   Skills:
 + Level 3.0 Fighting
 * Level 4.0 Polearms
 - Level 1.7 Throwing
 + Level 1.7 Armour
 + Level 3.3 Dodging
 + Level 0.8 Stealth


You had 4 spell levels left.
You didn't know any spells.
Your spell library was empty.

Dungeon Overview and Level Annotations

Branches:
Dungeon (3/15)

Altars:
Makhleb


Innate Abilities, Weirdness & Mutations

You have a pair of small antennae on your head.
Your demonic aura sometimes causes spilled blood to erupt in flames.
Your movements are slightly less encumbered by armour. (ER -2)


Message History

The dart slug launches a dart at you. The slug dart hits you.
A dart slug is nearby!
You reach to attack!
You hit the dart slug.
You kill the dart slug!
HP restored.
Found a stone staircase leading down.
No target in view!
No target in view!
You open the door.
Found three altars.
No target in view!
An ice beast comes into view.
You reach to attack!
You barely miss the ice beast. You puncture the ice beast!
The ice beast is moderately wounded.
The ice beast barely misses you.
You puncture the ice beast!
The ice beast is heavily wounded.
The ice beast hits you. The ice beast freezes you!
You hit the ice beast.
The ice beast is heavily wounded.
The ice beast hits you. The ice beast freezes you!
You barely miss the ice beast.
The ice beast is heavily wounded.
The ice beast hits you but does no damage.
You are too injured to fight recklessly!
You hit the ice beast.
The ice beast is heavily wounded.
The ice beast hits you. The ice beast freezes you!
* * * LOW HITPOINT WARNING * * *
Throw: 2 throwing nets
Press: ? - help, Q - select action, (/) - cycle Shift-Dir - straight line, f/p - ice beast
Aim: an ice beast (heavily wounded, 56% to hit)
You throw a throwing net.
The throwing net barely misses the ice beast.
The ice beast hits you.
* * * LOW HITPOINT WARNING * * *
The ice beast freezes you!
You die...

#..###..##..#
##.................
##..#..##...#
#.##.############.
............#
#.##.[......# #.
########.#####
#.#########.### #.
#.........# #.#
#...###.
#.........# #.#
###.....
#.........# #.#
####.. #.........#
#.# ......
#.........# #@#
.#.... #.........#
#Y# #####
#.........# #.#
...... #.........#
#.# ######
#####.#.... ..# ..?
... ..(.


You could see an ice beast.

Vanquished Creatures
  A bombardier beetle (D:3)
  Ijyb (D:3)
  An orc wizard (D:3)
  2 adders (D:2)
  A worm (D:3)
  2 dart slugs
  2 orcs (D:3)
  3 ball pythons (D:1)
  2 bats (D:1)
  7 endoplasms
  5 goblins
  9 hobgoblins
  6 jackals
  3 quokkas
  5 frilled lizards
  4 kobolds (D:1)
  3 rats
57 creatures vanquished.

Notes
Turn   | Place    | Note
-------+----------+-------------------------------------------
     0 | D:1      | inmateoo the Demonspawn Gladiator began the quest for the
                  | Orb.
     0 | D:1      | Reached XP level 1. HP: 16/16 MP: 1/1
   170 | D:1      | Gained mutation: You have a pair of small antennae on your
                  | head. [demonic ancestry]
   170 | D:1      | Reached XP level 2. HP: 22/22 MP: 2/2
   177 | D:1      | Reached skill level 3 in Polearms
   547 | D:1      | Gained mutation: Your demonic aura sometimes causes spilled
                  | blood to erupt in flames. [demonic ancestry]
   547 | D:1      | Reached XP level 3. HP: 28/28 MP: 3/3
   630 | D:2      | Found a faded altar of an unknown god.
   707 | D:2      | Reached skill level 1 in Armour
   975 | D:2      | Reached XP level 4. HP: 24/34 MP: 4/4
  1631 | D:3      | Noticed Ijyb
  1642 | D:3      | Killed Ijyb
  2038 | D:3      | Gained mutation: Your movements are slightly less
                  | encumbered by armour. (ER -2) [demonic ancestry]
  2038 | D:3      | Reached XP level 5. HP: 40/40 MP: 5/5
  2099 | D:3      | Reached skill level 4 in Polearms
  2163 | D:3      | Found a burning altar of Makhleb.
  2182 | D:3      | Noticed an ice beast
  2192 | D:3      | Slain by an ice beast

Illustrated notes

Levels and vault maps discovered:
D:1:      lemuel_arrival_broad_hall, layout_loops_ring
D:2:      layout_rooms, basic_ecumenical_altar, serial_rivers,
          chequers_serial_rivers_room_b, chequers_serial_rivers_small_3,
          chequers_serial_rivers_marsh, chequers_serial_rivers_large_a,
          chequers_serial_rivers_room_b
D:3:      layout_basic, gammafunk_temple_overflow_claw, uniq_ijyb

Skill      XL: |  1  2  3  4  5 |
---------------+----------------+-----
Polearms       | 3 4 |  4.0
Armour         | 1 |  1.7
Dodging        | 3 |  3.3
Fighting       | 3 |  3.0
Throwing       | |  1.7
Stealth        | |  0.8

Action                     |  1- 3 |  4- 6 || total
---------------------------+-------+-------++-------
  Melee: Trident           |   125 |    66 ||   191
         Punch             |       |     1 ||     1
  Throw: Throwing net      |       |     3 ||     3
    Use: Scroll            |     2 |     9 ||    11
         Potion            |       |     1 ||     1
   Stab: Sleeping          |     3 |     2 ||     5
         Held in net/web   |       |     1 ||     1
 Armour: Leather armour    |    46 |    23 ||    69
         Skin              |       |    21 ||    21
  Dodge: Dodged            |    68 |    27 ||    95

Table legend: (Time is in decaauts)
 A = Elapsed time spent in this place.
 B = Non-inter-level travel time spent in this place.
 C = Inter-level travel time spent in this place.
 D = Time resting spent in this place.
 E = Time spent auto-exploring this place.
 F = Levels seen in this place.
 G = Mean time per level.
                   A        B        C        D        E       F      G
               +--------+--------+--------+--------+--------+-----+--------+
         Total |   2237 |   2175 |     62 |    443 |   1234 |   3 |  745.7 |
       Dungeon |   2237 |   2175 |     62 |    443 |   1234 |   3 |  745.7 |
               +--------+--------+--------+--------+--------+-----+--------+

Top non-repeatable levels by time:
     D:2: 780 daAuts
     D:1: 755 daAuts
     D:3: 701 daAuts
